 Dungeon Crawl Stone Soup version 0.29.1-15-g9cfb28693d (webtiles) character file.

Game seed: 11891117432721976996

56 EarthwalkerPL the Covered (level 3, -2/34 HPs)
             Began as a Minotaur Fighter on Apr 11, 2023.
             Slain by Sigmund
             ... wielding a +2 scythe of flaming
              (9 damage)
             ... on level 3 of the Dungeon.
             The game lasted 00:02:01 (2274 turns).

EarthwalkerPL the Covered (Minotaur Fighter)        Turns: 2274, Time: 00:02:01

Health: -2/34      AC:  8    Str: 22    XL:     3   Next: 69%
Magic:  2/2        EV:  9    Int:  5    God:
Gold:   76         SH:  4    Dex:  9    Spells: 2/2 levels left

rFire   + . .      SeeInvis .   a - +0 war axe
rCold   . . .      Faith    .   c - +0 buckler
rNeg    . . .      Spirit   .   b - +0 scale mail
rPois   .          Reflect  .   (helmet restricted)
rElec   .          Harm     .   (no cloak)
rCorr   .          Rampage  .   f - +0 pair of gloves
Will    .....                   (no boots)
Stlth   ..........              (no amulet)
HPRegen 0.11/turn               m - ring of protection from fire
MPRegen 0.08/turn               (no ring)

@: no status effects
A: horns 2, retaliatory headbutt
a: no special abilities


You were on level 3 of the Dungeon.
You visited 1 branch of the dungeon, and saw 3 of its levels.

You collected 76 gold pieces.

Inventory:

Hand Weapons
 a - a +0 war axe (weapon)
Armour
 b - a +0 scale mail (worn)
 c - a +0 buckler (worn)
 f - a +0 pair of gloves (worn)
Jewellery
 m - a ring of protection from fire (left hand)
Scrolls
 e - 3 scrolls of teleportation {unknown}
 g - a scroll of poison {unknown}
 i - 2 scrolls of summoning {unknown}
 j - 2 scrolls of identify {unknown}
Potions
 d - a potion of might
 h - 2 potions of curing {unknown}
 k - a potion of lignification {unknown}
 l - a potion of invisibility {unknown}
 n - a potion of degeneration {unknown}
 o - a potion of mutation {unknown}


   Skills:
 * Level 4.3 Fighting
 * Level 3.3 Axes
 * Level 4.4 Armour
 + Level 3.9 Shields


You had 2 spell levels left.
You didn't know any spells.
Your spell library contained the following spells:

 Spells                   Type           Power      Damage    Failure   Level
 Ensorcelled Hibernation  Hex/Ice        0%         N/A       95%         2
 Spider Form              Tmut/Pois      0%         N/A       99%         3
 Anguish                  Hex/Necr       0%         N/A       100%        4


Dungeon Overview and Level Annotations

Branches:
Dungeon (3/15)

Altars:

Shops:
D:2 (

Annotations:
D:3 Sigmund


Innate Abilities, Weirdness & Mutations

You have a pair of horns on your head.
You reflexively headbutt those who attack you in melee.


Message History

No target in view!
Found a sedimented inky potion.
You closely miss the rat. The rat bites you but does no damage.
You slash the rat!
You kill the rat!
No target in view!
o - a sedimented inky potion Sigmund the Dreaded comes into view.
He is wielding a +2 scythe of flaming and wearing a +2 robe of positive energy.
Sigmund shouts!
Found 5 gold pieces.
Sigmund screams, "Don't try to resist!"
Sigmund hits you with a +2 scythe of flaming.
You hit Sigmund. Your headbutt misses Sigmund.
Sigmund is lightly wounded.
Sigmund hits you with a +2 scythe of flaming.
You hit Sigmund but do no damage.
Sigmund is lightly wounded.
Sigmund gestures at you while chanting.
You are confused.
You are too confused!
You are too confused!
You are too confused!
You are too confused!
You are too confused!
Sigmund hits you with a +2 scythe of flaming!
Sigmund burns you.
Sigmund hits you with a +2 scythe of flaming.
You bump into the rock wall.
Sigmund hits you with a +2 scythe of flaming.
* * * LOW HITPOINT WARNING * * *
Sigmund burns you.
* * * LOW HITPOINT WARNING * * *
You miss Sigmund.
Sigmund is lightly wounded.
Sigmund barely misses you.
You miss Sigmund. You headbutt Sigmund.
Sigmund is moderately wounded.
You feel less confused.
Sigmund hits you with a +2 scythe of flaming!
You die...

#. #$ ####.#####
#........### #..........
#........# ###+##
#.......@####.# #.....
#......@......# #.....
#########.######+##.....
#.# #.......... #.#
#..........
#.####.....†....
#...........#...
######......#.##
#......#... ########.##


You could see Sigmund.

Vanquished Creatures
  An adder (D:2)
  A dart slug (D:2)
  3 endoplasms
  2 giant cockroaches (D:2)
  5 goblins
  2 hobgoblins (D:1)
  4 kobolds
  3 quokkas
  4 ball pythons (D:1)
  10 bats
  4 frilled lizards
  2 rats
41 creatures vanquished.

Notes
Turn   | Place    | Note
-------+----------+-------------------------------------------
     0 | D:1      | EarthwalkerPL the Minotaur Fighter began the quest for the
                  | Orb.
     0 | D:1      | Reached XP level 1. HP: 19/19 MP: 0/0
   218 | D:1      | Reached XP level 2. HP: 27/27 MP: 1/1
  1043 | D:1      | Found a faded altar of an unknown god.
  1374 | D:2      | Reached XP level 3. HP: 25/33 MP: 2/2
  1754 | D:2      | Found Icsiuti's Weapon Shop.
  2264 | D:3      | Noticed Sigmund
  2274 | D:3      | Slain by Sigmund

Illustrated notes

Levels and vault maps discovered:
D:1:      dpeg_arrival_radiant, layout_basic, ebering_ecumenical_altar_hall
D:2:      minmay_wonky_spiral, layout_basic, serial_shops,
          nicolae_shop_bloodbath_and_beyond
D:3:      layout_basic, mainiacjoe_overflow_concentric_impassable,
          elyvilon_altar_4, uniq_sigmund, uniq_jessica

Skill      XL: |  1  2 |
---------------+-------+-----
Armour         | 4 |  4.4
Fighting       | 4 |  4.3
Axes           | 3 |  3.3
Shields        | |  3.9

Action                   || total
-------------------------++-------
Melee: War axe           ||    92
       Headbutt          ||    12
Armor: Scale mail        ||    57
Dodge: Dodged            ||    42
Block: Buckler           ||    29
